 Dungeon Crawl Stone Soup version 0.31-a0-164-g2312942fda (webtiles) character file.

Game seed: 3816496963942687168

43 qw the Shield-Bearer (level 3, -6/23 HPs)
             Began as a Gargoyle Fighter on June 13, 2023.
             Killed by divine providence
             ... invoked by an orc priest
              (13 damage)
             ... on level 3 of the Dungeon.
             The game lasted 00:00:41 (1475 turns).

qw the Shield-Bearer (Gargoyle Fighter)             Turns: 1475, Time: 00:00:41

Health: -6/23      AC: 10    Str: 21    XL:     3   Next: 58%
Magic:  3/3        EV:  9    Int:  8    God:
Gold:   146        SH:  5    Dex: 15    Spells: 2/2 levels left

rFire   . . .        Y - +0 war axe
rCold   . . .        c - +0 buckler
rNeg    + . .        b - +0 scale mail
rPois   inf          (no helmet)
rElec   +            (no cloak)
rCorr   .            (no gloves)
SInv    .            (no boots)
Will    .....        (no amulet) Stlth
                     i - +6 ring of dexterity
HPRegen 0.23/turn    (no ring)
MPRegen 0.08/turn

%: no passive effects
@: no status effects
A: sickness immunity, AC +3, negative energy resistance 1, electricity
resistance, torment resistance 1, petrification resistance
a: no special abilities


You were on level 3 of the Dungeon.
You visited 1 branch of the dungeon, and saw 3 of its levels.

You collected 146 gold pieces.


Innate Abilities, Weirdness & Mutations

You are immune to sickness and miasma.
Your stone body is resilient. (AC +3)
You are immune to poison.
You resist negative energy. (rN+)
You are resistant to electric shocks. (rElec)
You are resistant to unholy torment.
You are immune to petrification.


   Skills:
 - Level 3.2 Fighting
 - Level 3.2 Axes
 - Level 3.2 Armour
 + Level 0.9 Dodging
 - Level 3.2 Shields


You had 2 spell levels left.
You didn't know any spells.
Your spell library was empty.

Inventory:

Hand Weapons
 a - a +0 mace
 Y - a +0 war axe (weapon)
Armour
 b - a +0 scale mail (worn)
 c - a +0 buckler (worn)
Jewellery
 i - a +6 ring of dexterity (left hand)
 l - a +4 ring of protection
 m - a ring of ice
Wands
 f - a wand of digging (4)
Scrolls
 g - a scroll of identify
 j - a scroll of noise {unknown}
Potions
 d - a potion of might
 e - a potion of heal wounds {unknown}
 h - a potion of haste {unknown}
 k - a potion of degeneration {unknown}

Dungeon Overview and Level Annotations

Branches:
Dungeon (3/15)

Altars:


Message History

There is an open door here.
Enter note:
Enter note:
Enter note: You slash the orc!
You kill the orc!
You barely miss the orc.
The orc priest looks braver for a moment.
The orc wizard casts a spell at you.
You are confused.
The orc hits you but does no damage.
The orc priest looks encouraged for a moment.
The orc hits you but does no damage.
The orc priest miscasts a cantrip.
The orc wizard barely misses you. The orc barely misses you.
The orc barely misses you.
The orc wizard hits you with a +0 dagger.
The orc hits you but does no damage. The orc wizard barely misses you.
The orc priest mumbles some strange prayers to Beogh against you.
Beogh smites you! The orc hits you but does no damage.
The orc wizard completely misses you.
You feel less confused. The orc hits you but does no damage.
The orc wizard gestures at you while chanting.
The magic dart hits you.
You slash the orc priest!
The orc priest is almost dead.
You closely miss the orc wizard. You hit the orc.
The orc priest invokes the aid of Beogh against you.
Pain shoots through your body! The orc wizard misses you.
The orc hits you but does no damage. You block the orc priest's attack.
The orc hits you but does no damage.
The orc wizard hits you but does no damage.
You hit the orc priest but do no damage.
The orc priest is almost dead.
You barely miss the orc. You closely miss the orc wizard.
The orc priest calls down the wrath of Beogh upon you.
Beogh smites you!
Ouch! That really hurt!
You die...

####
#...####
###o8.8$#.#
#.@o$?$_#.#
#.#o8.8.#.#
#.##..$##.#
#.# ####..#
#.####....#
#.........#
#####.....#
#.....#
#.#####


You could see an orc priest, an orc wizard and an orc.

Vanquished Creatures
  An adder (D:2)
  An orc (D:3)
  An endoplasm (D:2)
  5 goblins
  5 hobgoblins
  2 kobolds
  2 quokkas
  2 ball pythons
  6 bats
  A frilled lizard (D:2)
  5 rats (D:1)
31 creatures vanquished.

Notes
Turn   | Place    | Note
-------+----------+-------------------------------------------
     0 | D:1      | qw the Gargoyle Fighter began the quest for the Orb.
     0 | D:1      | Reached XP level 1. HP: 14/14 MP: 1/1
     0 | D:1      | 0 ||| qw: Version: 0.2-a-29-gc1b59c4
     0 | D:1      | 0 ||| qw: Game counter: 4558
     0 | D:1      | 0 ||| qw: Always use a shield: true
     0 | D:1      | 0 ||| qw: God list: Okawaru
     0 | D:1      | 0 ||| qw: Allow faded altars: false
     0 | D:1      | 0 ||| qw: Do Orc after D:15 true
     0 | D:1      | 0 ||| qw: Do second Lair branch before Depths: true
     0 | D:1      | 0 ||| qw: Lair rune preference: random
     0 | D:1      | 0 ||| qw: Plans: Normal, Zot:1-4, Slime:5, God:TSO, Crypt,
                  | Tomb, Abyss, Pan, Hells, Win
     0 | D:1      | 0 ||| PLANNING D:1-11
   250 | D:1      | Reached XP level 2. HP: 19/19 MP: 2/2
   276 | D:1      | You fall into a shaft and drop 1 floor!
   277 | D:2      | 277 ||| READING scroll labelled MUELAO KYEVERI.
   310 | D:1      | 310 ||| DROPPING +0 club.
   593 | D:1      | 593 ||| Stepping ~*~*~tactically~*~*~ (stealth).
   594 | D:1      | 594 ||| Stepping ~*~*~tactically~*~*~ (stealth).
   764 | D:1      | 764 ||| UPGRADING to +6 ring of dexterity.
   765 | D:1      | 765 ||| READING scroll labelled PAMNED OLENU.
   766 | D:1      | 766 ||| READING scroll labelled CAAMOG ACAU.
   767 | D:1      | 767 ||| READING scroll labelled RORUSTRUASH.
   816 | D:2      | 816 ||| Stepping ~*~*~tactically~*~*~ (stealth).
   819 | D:2      | 819 ||| Stepping ~*~*~tactically~*~*~ (stealth).
   820 | D:2      | 820 ||| Stepping ~*~*~tactically~*~*~ (stealth).
   918 | D:2      | Reached skill level 3 in Axes
   918 | D:2      | Reached XP level 3. HP: 20/23 MP: 3/3
  1207 | D:2      | 1207 ||| READING 2 scrolls labelled OCLUWKY XOXOVO.
  1208 | D:2      | 1208 ||| READING scroll labelled GEAREH ATHRAETO.
  1291 | D:3      | 1291 ||| Stepping ~*~*~tactically~*~*~ (stealth).
  1475 | D:3      | Killed from afar by an orc priest

Levels and vault maps discovered:
D:1:      wander_arrival_estate, layout_loops_corners
D:2:      layout_rooms
D:3:      layout_rooms, kennysheep_orc_chapel, uniq_crazy_yiuf_cottage

Skill      XL: |  1  2 |
---------------+-------+-----
Axes           | 2 3 |  3.2
Fighting       | |  3.2
Armour         | |  3.2
Dodging        | |  0.9
Shields        | |  3.2

Action                     || total
---------------------------++-------
  Melee: War axe           ||    71
    Use: Scroll            ||     6
 Armour: Scale mail        ||    38
  Dodge: Dodged            ||    31
  Block: Buckler           ||     9

Table legend:
 A = Non-vault XP
 B = Vault XP
 C = Vault XP percentage of total XP
 D = Non-vault monster count
 E = Vault monster count
 F = Vault count percentage of total count
                 A         B        C        D         E       F
            +---------+---------+-------+---------+---------+-------
      Total |      59 |       3 |   4.8 |      30 |       1 |   3.2
            +---------+---------+-------+---------+---------+-------
        D:1 |      20 |       0 |   0.0 |      13 |       0 |   0.0
        D:2 |      32 |       0 |   0.0 |      12 |       0 |   0.0
        D:3 |       7 |       3 |  30.0 |       5 |       1 |  16.7
            +---------+---------+-------+---------+---------+-------
